AoeStats
← RedPhosphoru

Arabian Desert

509986927Analyzed
1v1 RM · 3d ago on Sep 28, 2026· 21m 13s· 2 players
Game mode
Random Map
Map size
Tiny (2 player)
Population
200
Speed
Normal
Resources
Standard
Victory
Conquest
Starting age
Dark Age
Ending age
Imperial Age
RankedLock teamsTeams togetherTeam positionsShared explorationLock speedFull tech treeHidden civsTurbo modeCheats
Victory
Defeat
🇺🇸 Ethiopians · United States
2321
+2
🇲🇽 Japanese · Mexico
1884
-2
RedPhosphoru
7:37 Loom
10:14 Feudal Age
14:07 Castle Age
NoToxic_MK
4:50 Loom
7:06 Loom
9:20 Feudal Age
9:24 Man-at-Arms
10:33 Arson
14:02 Fletching
22:13 Castle Age
Connection lost

Rejoining the realm…

Still unreachable

The connection could not be restored.

Session expired

The server has moved on; the page needs a fresh start.